AoeStats
← BSHammer

Socotra

504153950Analyzed
4v4 RM · 29d ago on Sep 4, 2026· 35m 51s· 8 players
Game mode
Random Map
Map size
148×148
Population
200
Speed
Normal
Resources
Standard
Victory
Conquest
Starting age
Dark Age
Ending age
Imperial Age
RankedLock teamsTeams togetherTeam positionsShared explorationLock speedFull tech treeHidden civsTurbo modeCheats
Victory
Defeat
🇧🇷 Vikings · Brazil
1684
+12
🇲🇽 Vietnamese · Mexico
1646
+13
🇲🇽 Turks · Mexico
1627
+14
🇧🇷 Slavs · Brazil
1578
+16
🇦🇺 Japanese · Australia
1692
-18
🇨🇳 Jurchens · China
1670
-18
🇺🇸 Teutons · United States
1498
-10
🇺🇸 Shu · United States
1482
-9
ferdago308
3:35 Loom
13:04 Feudal Age
13:42 Double-Bit Axe
16:06 Fletching
20:12 Wheelbarrow
24:09 Castle Age
23:21 Padded Archer Armor
23:49 Gold Mining
24:47 Bodkin Arrow
25:16 Bow Saw
24:50 Crossbowman
27:11 Ballistics
27:56 Hand Cart
28:24 Horse Collar
30:33 Leather Archer Armor
31:11 Thumb Ring
35:45 Imperial Age
36:30 Bracer
35:51 Arbalester
PeAcE mE
6:36 Loom
9:08 Feudal Age
10:05 Double-Bit Axe
15:02 Fletching
15:39 Horse Collar
17:16 Padded Archer Armor
24:21 Castle Age
23:00 Gold Mining
25:06 Bodkin Arrow
24:33 Crossbowman
26:36 Leather Archer Armor
27:11 Ballistics
29:57 Town Watch
34:11 Imperial Age
32:33 Gold Shaft Mining
34:14 Arbalester
35:10 Bracer
36:23 Chemistry
ferminsin
6:15 Loom
8:53 Feudal Age
10:01 Double-Bit Axe
15:39 Scale Barding Armor
22:54 Castle Age
22:29 Bloodlines
22:59 Forging
27:19 Chain Barding Armor
36:02 Wheelbarrow
35:13 Town Watch
Tylenol
6:35 Loom
8:55 Feudal Age
9:45 Double-Bit Axe
10:44 Horse Collar
19:12 Scale Barding Armor
21:07 Forging
26:11 Castle Age
24:36 Bloodlines
26:05 Fletching
27:19 Wheelbarrow
26:54 Husbandry
26:15 Light Cavalry
29:01 Chain Barding Armor
31:55 Iron Casting
34:15 Bodkin Arrow
35:23 Gold Mining
35:23 Stone Mining
36:00 Bow Saw
35:52 Heavy Plow
36:23 Hand Cart
Lucas Ducas
1:36 Loom
9:52 Feudal Age
13:46 Town Watch
15:49 Fletching
18:53 Wheelbarrow
22:37 Castle Age
21:33 Horse Collar
23:14 Double-Bit Axe
24:19 Scale Barding Armor
24:25 Forging
26:13 Bow Saw
27:25 Bloodlines
28:23 Chain Barding Armor
BSHammer
5:19 Loom
9:10 Feudal Age
14:38 Scale Barding Armor
15:52 Forging
21:47 Wheelbarrow
25:31 Castle Age
24:14 Horse Collar
24:20 Double-Bit Axe
24:54 Fletching
26:12 Bodkin Arrow
26:18 Padded Archer Armor
26:22 Husbandry
31:08 Ballistics
31:14 Leather Archer Armor
DKDFCD
0:54 Loom
8:56 Feudal Age
9:28 Double-Bit Axe
9:53 Horse Collar
17:04 Forging
19:53 Bloodlines
21:07 Scale Barding Armor
24:53 Wheelbarrow
27:36 Castle Age
27:07 Gold Mining
28:31 Bow Saw
28:25 Husbandry
29:04 Heavy Plow
29:41 Gold Shaft Mining
Pez
7:20 Loom
9:18 Feudal Age
8:48 Loom
9:59 Double-Bit Axe
11:02 Horse Collar
12:39 Fletching
23:31 Castle Age
23:38 Crossbowman
24:13 Bodkin Arrow
24:19 Padded Archer Armor
24:12 Gold Mining
24:41 Bow Saw
26:00 Ballistics
26:24 Leather Archer Armor
28:13 Thumb Ring
Connection lost

Rejoining the realm…

Still unreachable

The connection could not be restored.

Session expired

The server has moved on; the page needs a fresh start.